 Dungeon Crawl Stone Soup version 0.32-a0-913-g739538afd8 (webtiles) character file.

Game seed: 17160697883844344773

760 croobank the Sneak (level 7, 0/46 HPs)
             Began as an Octopode Necromancer on Apr 9, 2024.
             Slain by an ice beast (5 damage)
             ... on level 5 of the Dungeon.
             The game lasted 00:16:28 (3855 turns).

croobank the Sneak (Octopode Necromancer)           Turns: 3855, Time: 00:16:29

Health: 0/46       AC:  1    Str:  8    XL:     7   Next: 80%
Magic:  12/12      EV: 13    Int: 19    God:
Gold:   777        SH:  0    Dex: 12    Spells: 5/13 levels left

rFire   . . .        b - +0 short sword
rCold   . . .        (no shield)
rNeg    . . .        (helmet restricted)
rPois   +            (no amulet)
rElec   .            m - ring of poison resistance
rCorr   .            (no ring)
SInv    .            (no ring)
Will    .....        (no ring)
Stlth   ++++         (no ring)
HPRegen 0.27/turn    (no ring)
MPRegen 0.13/turn    (no ring)
                     (no ring)

%: no passive effects
@: mighty, hasted, very quick
A: almost no armour, amphibious, 8 rings, camouflage 1, gelatinous body 1,
(nimble swimmer 1), tentacles
a: no special abilities


You were on level 5 of the Dungeon.
You visited 1 branch of the dungeon, and saw 5 of its levels.
You also visited: Ossuary.

You collected 1361 gold pieces.
You spent 584 gold pieces at shops.

Inventory:

Hand Weapons
 b - a +0 short sword (weapon)
 n - a +0 scimitar
Missiles
 g - 3 javelins (quivered)
Magical Staves
 w - a staff of earth
Jewellery
 c - a ring of willpower
 m - a ring of poison resistance (left tentacle)
Wands
 f - a wand of digging (3)
 j - a wand of flame (13)
 o - a wand of mindburst (21)
Scrolls
 d - 2 scrolls of identify
 i - 3 scrolls of teleportation {unknown}
 k - 2 scrolls of amnesia {unknown}
 l - a scroll of butterflies {unknown}
 s - a scroll of enchant weapon {unknown}
 t - a scroll of poison {unknown}
 u - 2 scrolls of vulnerability {unknown}
Potions
 a - a potion of magic
 e - 2 potions of lignification
 q - 5 potions of curing
 v - a potion of mutation


   Skills:
 + Level 3.4 Fighting
 + Level 4.1 Dodging
 + Level 5.9 Stealth
 + Level 3.9 Spellcasting
 + Level 0.0 Conjurations
 + Level 5.4 Necromancy
 + Level 0.0 Air Magic
 + Level 0.0 Alchemy


You had 5 spell levels left.
You knew the following spells:

 Your Spells              Type           Power      Damage    Failure   Level
a - Necrotise             Necr           96%        1d8       1%          1
c - Mephitic Cloud        Conj/Alch/Air  3%         N/A       38%         3
A - Animate Dead          Necr           24%        N/A       14%         4

Your spell library contained the following spells:

 Spells                   Type           Power      Damage    Failure   Level
 Vampiric Draining        Necr           24%        2d7       4%          3
 Cigotuvi's Dreadful Rot  Necr/Alch/Air  20%        N/A       10%         2
 Apportation              Tloc           6%         N/A       14%         1
 Jinxbite                 Hex            6%         N/A       22%         2
 Mercury Vapours          Alch/Air       6%         N/A       22%         2
 Hailstorm                Conj/Ice       3%         3d5       38%         3
 Summon Ice Beast         Ice/Summ       3%         N/A       38%         3
 Curse of Agony           Necr           24%        N/A       38%         5
 Alistair's Intoxication  Alch           2%         N/A       98%         5
 Eringya's Noxious Bog    Alch           1%         4d6       100%        6
 Permafrost Eruption      Ice/Erth       1%         2x4d2     100%        6
 Sculpt Simulacrum        Ice/Alch       1%         N/A       100%        6


Dungeon Overview and Level Annotations

Branches:
Dungeon (5/15)            Ossuary (visited)
 Temple: D:4-7

Altars:
Sif Muna

Shops:
D:4 !:


Innate Abilities, Weirdness & Mutations

You cannot wear most types of armour.
You are amphibious.
You can wear up to eight rings at the same time.
Your skin changes colour to match your surroundings (Stealth+).
Your rubbery body absorbs attacks. (AC +1, EV +1)
((You are camouflaged when in or above water. (Stealth+)))
You have tentacles for arms and can constrict up to eight enemies at once.


Message History

The ice beast closely misses you.
You barely miss the ice beast.
The ice beast is moderately wounded.
The ice beast hits you. The ice beast freezes you!
You are too injured to fight recklessly!
You are too injured to fight recklessly!
Casting: Necrotise (safe; 1% risk of failure)
Confirm with . or Enter, or press ? or * to list all spells.
Okay, then.
Aiming: Throw Flame
Press: ? - help, Shift-Dir - straight line, f - ice beast
Aim: an ice beast (moderately wounded, 68% to hit)
The puff of flame hits the ice beast but does no damage.
The ice beast is moderately wounded.
The ice beast hits you. The ice beast freezes you!
* * * LOW HITPOINT WARNING * * *
You feel much better. The ice beast hits you. The ice beast freezes you!
You feel very mighty all of a sudden. The ice beast hits you.
* * * LOW HITPOINT WARNING * * *
The ice beast freezes you!
* * * LOW HITPOINT WARNING * * *
You completely miss the ice beast. You squeeze the ice beast.
The ice beast is heavily wounded.
The ice beast closely misses you.
Okay, then.
What are your orders? t - Shout!
Orders for allies: a - Attack new target. p - Attack previous target. r - Retreat! s - Stop attacking. g - Guard the area. f - Follow me.
Anything else - Cancel.
Gang up on whom?
Press: ? - help, Dir - move target, f/p - ice beast
Aim: an ice beast (heavily wounded)
Okay, then.
Okay, then.
Okay, then.
You feel yourself speed up. The ice beast hits you.
You die...

.. .# #.###.##
##......## ..
##....##..### #..
#.##..#.....##...
#..#...........#
#Y.......#....#.##
#@..........##..
#####.......#...
####...#......
##.#...##.....#
#.............# #
#.##.......#..# .#
#.....##.###<.#..#
#.....####........
#....#...##...#...


You could see an ice beast.

Vanquished Creatures
  Menkaure (D:4)
  A scorpion (D:2)
  A wight (Ossuary)
  A howler monkey (D:4)
  2 bullfrog zombies (Ossuary)
  2 centaur zombies (Ossuary)
  A human zombie (Ossuary)
  An orc priest (D:3)
  A bombardier beetle (D:3)
  Ijyb (D:3)
  2 scorpion zombies (Ossuary)
  An orc wizard (D:4)
  An ogre zombie (Ossuary)
  A mummy (D:4)
  5 adders
  5 adder zombies (Ossuary)
  4 dart slugs
  A ribbon worm (D:2)
  3 orcs
  2 endoplasms
  4 giant cockroaches
  3 goblins
  3 hobgoblins
  3 jackals (D:1)
  3 quokkas
  5 ball pythons
  9 bats
  4 frilled lizards
  2 gnoll zombies (Ossuary)
  A goblin zombie (Ossuary)
  3 hobgoblin zombies
  5 kobolds
  3 orc zombies
  7 rats
92 creatures vanquished.

Notes
Turn   | Place    | Note
-------+----------+-------------------------------------------
     0 | D:1      | croobank the Octopode Necromancer began the quest for the
                  | Orb.
     0 | D:1      | Reached XP level 1. HP: 11/11 MP: 3/3
   179 | D:1      | Reached XP level 2. HP: 18/18 MP: 5/5
   183 | D:1      | Found a faded altar of an unknown god.
   491 | D:1      | Reached XP level 3. HP: 22/22 MP: 6/6
   526 | D:1      | Reached skill level 1 in Fighting
  1040 | D:2      | Reached XP level 4. HP: 26/28 MP: 7/7
  1093 | D:2      | Noticed a scorpion
  1101 | D:2      | Killed a scorpion
  1102 | D:2      | Reached XP level 5. HP: 27/34 MP: 7/9
  1787 | D:3      | Noticed Ijyb
  1796 | D:3      | Killed Ijyb
  2076 | D:4      | Found Dejek's Distillery.
  2082 | D:3      | Reached XP level 6. HP: 24/39 MP: 10/10
  2159 | D:4      | Bought a potion of degeneration for 12 gold pieces
  2159 | D:4      | Bought a potion of heal wounds for 60 gold pieces
  2159 | D:4      | Bought a potion of curing for 36 gold pieces
  2204 | D:4      | Noticed Menkaure
  2217 | D:4      | Killed Menkaure
  2242 | D:4      | Found a sand-covered staircase.
  2247 | D:4      | Reached skill level 5 in Stealth
  2247 | D:4      | Reached skill level 5 in Necromancy
  2249 | Ossuary  | Entered an ossuary
  2336 | Ossuary  | Learned a level 4 spell: Animate Dead
  2404 | Ossuary  | Reached XP level 7. HP: 10/45 MP: 12/12
  3207 | Ossuary  | Noticed a silent spectre
  3254 | D:4      | Identified a scroll of acquirement
  3254 | D:4      | Acquired 1066 gold pieces
  3370 | D:4      | Found a shimmering blue altar of Sif Muna.
  3578 | D:4      | Found Qidimobe's Self-Published Books.
  3584 | D:4      | Bought the Elucidation of Amateur Aromatherapy for 476 gold
                  | pieces
  3588 | D:4      | Learned a level 3 spell: Mephitic Cloud
  3823 | D:5      | Entered Level 5 of the Dungeon
  3855 | D:5      | Slain by an ice beast

Illustrated notes

Levels and vault maps discovered:
D:1:      roderic_dead_forest, layout_loops_corners,
          hellmonk_ecumenical_altar_arch_garden
D:2:      layout_rooms
D:3:      layout_basic, uniq_ijyb
D:4:      layout_basic, mainiacjoe_overflow_24_doors, serial_shops, shop,
          nicolae_ossuary_entry_giza, chequers_serial_rivers_micro_b,
          serial_park_tiny_2, nicolae_custom_books, uniq_menkaure
D:5:      layout_cave_pools, serial_shops, shop, uniq_sigmund,
          uniq_prince_ribbit1

Skill      XL: |  1  2  3  4  5  6  7 |
---------------+----------------------+-----
Stealth        | 3 4 5 |  5.9
Fighting       | 1 2 3 |  3.4
Dodging        | 3 4 |  4.1
Spellcasting   | 3 |  3.9
Necromancy     | 5 |  5.4

Action                     |  1- 3 |  4- 6 |  7- 9 || total
---------------------------+-------+-------+-------++-------
  Melee: Short sword       |    59 |    84 |    83 ||   226
         Constrict         |    22 |    22 |    15 ||    59
         Unarmed           |     1 |       |       ||     1
         Tentacles         |    10 |    31 |    23 ||    64
  Throw: Javelin           |       |     2 |       ||     2
  Evoke: Wand              |       |       |     1 ||     1
    Use: Scroll            |       |     3 |     2 ||     5
         Potion            |       |     3 |     3 ||     6
   Stab: Sleeping          |     8 |    15 |     9 ||    32
 Armour: Skin              |    16 |    68 |    30 ||   114
  Dodge: Dodged            |    37 |    33 |    40 ||   110

Table legend: (Time is in decaauts)
 A = Elapsed time spent in this place.
 B = Non-inter-level travel time spent in this place.
 C = Inter-level travel time spent in this place.
 D = Time resting spent in this place.
 E = Time spent auto-exploring this place.
 F = Levels seen in this place.
 G = Mean time per level.
                   A        B        C        D        E       F      G
               +--------+--------+--------+--------+--------+-----+--------+
         Total |   3854 |   3783 |     71 |    731 |   2076 |   6 |  642.3 |
       Dungeon |   2851 |   2780 |     71 |    114 |   2072 |   5 |  570.2 |
       Ossuary |   1002 |   1002 |      0 |    617 |      4 |   1 | 1002.0 |
               +--------+--------+--------+--------+--------+-----+--------+

Top non-repeatable levels by time:
 Ossuary: 1002 daAuts
     D:1: 850 daAuts
     D:3: 729 daAuts
     D:4: 676 daAuts
     D:2: 563 daAuts
     D:5: 31 daAuts
